 Dungeon Crawl Stone Soup version 0.18-a0-337-g1235303 (webtiles) character file.

19520 xeno23 the Zephyrmancer (level 12, -3/94 HPs)
             Began as a Demigod Air Elementalist on Nov 28, 2015.
             Slain by a sheep (6 damage)
             ... on level 1 of the Lair of Beasts.
             The game lasted 01:27:04 (13589 turns).

xeno23 the Zephyrmancer (Demigod Air Elementalist) Turns: 13589, Time: 01:27:04

Health: -3/94      AC: 12    Str: 15    XL:     12   Next: 9%
Magic:  7/24       EV: 16    Int: 21    God:
Gold:   758        SH:  7    Dex: 18    Spells: 5 memorised, 9 levels left

rFire  + + .     SeeInvis .     k - +1 scimitar (flame)
rCold  . . .     Clarity  .     s - +2 leather armour {rF+}
rNeg   + . .     SustAt   +     B - +2 buckler
rPois  .         Gourm    +     Q - +2 hat of the Guardian {rF+ rN+}
rElec  .         Spirit   .     l - +2 cloak
rCorr  .         Warding  .     e - +0 pair of gloves
rMut   .         Stasis   .     (no boots)
MR     +....                    x - amulet of the gourmand
Stlth  +++.......               (no ring)
                                h - ring of stealth

@: studying 2 skills, repel missiles, somewhat resistant to hostile
enchantments, fairly stealthy
A: high mp 1, sustain attributes
a: no special abilities


You were on level 1 of the Lair of Beasts.
You were full.

You visited 2 branches of the dungeon, and saw 12 of its levels.
You also visited: Bailey.

You collected 849 gold pieces.
You spent 91 gold pieces at shops.

Inventory:

Hand Weapons
 k - a +1 scimitar of flaming (weapon)
 F - a +0 flail of protection
 N - a +0 blowgun
 S - a +1 long sword of freezing
Missiles
 D - 18 javelins of returning (quivered)
 I - 19 poisoned needles
 W - 5 curare-tipped needles
Armour
 e - a +0 pair of gloves (worn)
 l - a +2 cloak (worn)
 m - a mottled dragon hide
 s - a +2 leather armour of fire resistance (worn)
 B - a +2 buckler (worn)
 C - a +2 scale mail of cold resistance
 Q - the +2 hat of the Guardian (worn) {rF+ rN+}
   (You acquired it in a bailey)

   It protects you from fire.
   It protects you from negative energy.
 R - a +0 plate armour of fire resistance
 Y - a troll hide
 Z - a +2 robe of magic resistance
Jewellery
 h - a ring of stealth (left hand)
 x - an amulet of the gourmand (around neck)
 P - an uncursed ring of ice
 U - an uncursed amulet of resist mutation
Wands
 a - a wand of digging (21)
 v - a wand of polymorph (9)
 J - a wand of paralysis (4)
 V - a wand of fire (6)
 X - a wand of draining (8)
Scrolls
 g - 5 scrolls of remove curse
 i - a scroll of recharging
 o - 5 scrolls of teleportation
 r - a scroll of enchant weapon
 G - 2 scrolls of magic mapping
Potions
 f - 2 potions of magic
 j - 3 potions of curing
 n - 2 potions of invisibility
 q - 2 potions of agility
 u - 2 potions of lignification
 z - a potion of brilliance
 A - a potion of flight
 E - 2 potions of haste
 K - 2 potions of berserk rage {unknown}
 M - a potion of heal wounds {unknown}
 T - 2 potions of mutation {unknown}
Books
 b - a book of Air

   Spells                             Type                      Level
   a - Shock                          Conjuration/Air              1
   b - Swiftness                      Charms/Air                   2
   c - Repel Missiles                 Charms/Air                   2
   d - Static Discharge               Conjuration/Air              3
   e - Lightning Bolt                 Conjuration/Air              5
 p - a manual of Shields
 y - a book of Transfigurations

   Spells                             Type                      Level
   a - Stoneskin                      Transmutation/Earth          2
   b - Irradiate                      Conjuration/Transmutation    5
   c - Statue Form                    Transmutation/Earth          6
   d - Hydra Form                     Transmutation                6
   e - Dragon Form                    Transmutation                7
 O - a manual of Armour
Comestibles
 c - 4 bread rations
 d - 25 fruits
 t - 2 slices of pizza
 w - 2 beef jerkies
 H - a royal jelly
 L - 3 meat rations


   Skills:
 + Level 5.5 Fighting
 * Level 5.9 Long Blades
 + Level 6.7 Armour
 + Level 5.9 Dodging
 - Level 1.7 Stealth
 - Level 4.4 Shields
 - Level 5.5 Spellcasting
 * Level 8.6 Conjurations
 - Level 4.0 Charms
 * Level 9.6 Air Magic


You had 9 spell levels left.
You knew the following spells:

 Your Spells              Type           Power        Failure   Level  Hunger
a - Shock                 Conj/Air       ####         1%          1    None
b - Swiftness             Chrm/Air       ####....     1%          2    None
e - Lightning Bolt        Conj/Air       #####.....   10%         5    #####..
q - Static Discharge      Conj/Air       #####...     1%          3    ##.....
r - Repel Missiles        Chrm/Air       ####..       1%          2    None


Dungeon Overview and Level Annotations

Branches:
Dungeon (11/15)            Temple (0/1) D:5            Lair (1/8) D:10
    Orc (0/4) D:11

Shops:
D:7 (


Innate Abilities, Weirdness & Mutations

You have an increased reservoir of magic (+10% MP).
Your attributes are resistant to harm.


Message History

The hippogriff misses you. The yak gores you but does no damage.
You block the sheep's attack.
The giant frog hits you but does no damage.
Unknown command.
Casting: Static Discharge
Confirm with . or Enter, or press ? or * to list all spells.
The yak is struck by lightning.
The yak is heavily wounded.
The lightning arcs!
You are struck by lightning.
The lightning grounds out.
The giant frog closely misses you. You block the sheep's attack.
The hippogriff bites you!
* * * LOW HITPOINT WARNING * * *
The hippogriff pecks you.
* * * LOW HITPOINT WARNING * * *
The hippogriff claws you.
* * * LOW HITPOINT WARNING * * *
The yak gores you!
* * * LOW HITPOINT WARNING * * *
The sheep bites you.
You die...

..........
##+..≈≈≈.≈.+#
##..≈≈≈≈≈≈≈≈.##
..≈≈≈≈≈≈≈≈≈..#
#≈≈≈≈≈≈≈≈≈≈.#
#≈≈≈≈≈≈≈≈≈≈.##
#≈≈≈≈YY≈≈≈...#
##
#.≈.@YY≈≈...+..P
#..F.H..?....#
##....P.....#..#
#P..###.F....#
......##
#.r.†.#.#
.....## #......#
....# ###.#.##
.#P# #.$.# ##
Y....


You could see a yak, a hippogriff, 2 giant frogs, a porcupine and 3 sheep.

Vanquished Creatures
  A hydra (D:11)
  Erica (D:10)
  Erolcha (D:8)
  Nergalle (D:11)
  4 hill giants
  Pikel (D:5)
  Maurice (D:8)
  Psyche (D:10)
  A gargoyle (D:11)
  Prince Ribbit (D:5)
  2 trolls (D:10)
  Sigmund (D:4)
  16 yaks
  A deep elf fighter (D:10)
  Menkaure (D:4)
  A mottled dragon (D:11)
  A soldier ant (D:11)
  5 sky beasts
  2 water moccasins
  A wasp (D:10)
  A black bear (D:7)
  A phantom (D:5)
  4 ogres
  An eye of draining (D:8)
  18 orc warriors
  3 ice beasts
  2 necrophages
  17 centaurs
  4 crocodiles (D:10)
  The ghost of endege the Chopper, an amateur VSBe of Trog (D:3)
  12 big kobolds
  A wyvern zombie (D:6)
  A gnoll sergeant (D:11)
  7 giant frogs
  A wyvern skeleton (D:8)
  13 killer bees
  2 scorpions (D:5)
  4 wights (D:7)
  6 crimson imps
  3 centaur zombies
  A giant frog zombie (D:6)
  The ghost of asdu the Ruffian, a weakling VSTm (D:5)
  3 jellies
  Ijyb (D:2)
  A giant frog skeleton (D:6)
  8 orc priests
  16 orc wizards
  7 iguanas
  7 hounds
  12 worker ants
  4 sheep
  A hound zombie (D:6)
  A worker ant zombie (D:5)
  14 adders
  8 gnolls
  4 shadow imps
  2 oozes
  An adder skeleton (D:4)
  4 worms
  4 giant geckos
  78 orcs
  13 bats
  5 giant cockroaches
  8 hobgoblins
  10 quokkas
  A giant gecko skeleton (D:6)
  5 giant newts
  15 goblins
  21 jackals
  19 kobolds
  A quokka skeleton (D:7)
  18 rats
  A butterfly (D:6)
441 creatures vanquished.

Vanquished Creatures (others)
  3 slaves (D:5)
  2 bats (D:3)
5 creatures vanquished.

Grand Total: 446 creatures vanquished

Notes
Turn   | Place    | Note
--------------------------------------------------------------
     0 | D:1      | xeno23 the Demigod Air Elementalist began the quest for the Orb.
     0 | D:1      | Reached XP level 1. HP: 14/14 MP: 5/5
    73 | D:1      | Found an iron altar of Okawaru.
   105 | D:1      | Reached skill level 3 in Air Magic
   289 | D:1      | Reached XP level 2. HP: 5/20 MP: 1/7
   329 | D:1      | Reached skill level 1 in Conjurations
   957 | D:2      | Reached XP level 3. HP: 19/26 MP: 6/8
  1420 | D:2      | Learned a level 2 spell: Swiftness
  1423 | D:2      | Learned a level 2 spell: Repel Missiles
  1476 | D:2      | Found an opulent altar of Gozag.
  1577 | D:2      | Noticed Ijyb
  1584 | D:2      | Killed Ijyb
  1584 | D:2      | Reached XP level 4. HP: 27/33 MP: 8/10
  1660 | D:2      | Learned a level 3 spell: Static Discharge
  2020 | D:3      | Noticed an ogre
  2038 | D:3      | Killed an ogre
  2038 | D:3      | Reached XP level 5. HP: 12/39 MP: 2/12
  2186 | D:3      | Noticed endege's ghost (amateur VSBe)
  2189 | D:3      | Killed endege's ghost
  2205 | D:3      | Found a radiant altar of Vehumet.
  2250 | D:3      | Found a glowing golden altar of the Shining One.
  2259 | D:3      | Found a basalt altar of Yredelemnul.
  2263 | D:3      | Noticed an angel
  2273 | D:3      | Noticed a profane servitor
  2402 | D:3      | Reached skill level 1 in Charms
  2402 | D:3      | Reached skill level 4 in Air Magic
  2495 | D:4      | Noticed Sigmund
  2621 | D:5      | Entered Level 5 of the Dungeon
  2622 | D:5      | Reached XP level 6. HP: 31/46 MP: 10/13
  2845 | D:5      | Reached skill level 1 in Armour
  2959 | D:5      | Noticed asdu's ghost (weakling VSTm)
  2960 | D:5      | Reached skill level 1 in Fighting
  2968 | D:5      | Killed asdu's ghost
  3048 | D:5      | Reached XP level 7. HP: 36/52 MP: 0/14
  3082 | D:5      | Found a sacrificial altar of Ru.
  3086 | D:5      | Noticed Prince Ribbit
  3191 | D:4      | Noticed Menkaure
  3200 | D:4      | Reached skill level 5 in Air Magic
  3202 | D:4      | Killed Menkaure
  3202 | D:4      | Reached skill level 1 in Shields
  3337 | D:4      | Killed Sigmund
  3542 | D:4      | Found an ancient bone altar of Kikubaaqudgha.
  3599 | D:4      | Reached XP level 8. HP: 32/60 MP: 1/16
  3898 | D:5      | Learned a level 5 spell: Lightning Bolt
  4439 | D:5      | Noticed Pikel
  4450 | D:5      | Killed Pikel
  4450 | D:5      | Reached skill level 5 in Conjurations
  4450 | D:5      | Reached skill level 6 in Air Magic
  4464 | D:5      | Found a staircase to the Ecumenical Temple.
  5107 | D:5      | Killed Prince Ribbit
  5107 | D:5      | Reached XP level 9. HP: 37/68 MP: 0/18
  5312 | D:6      | Found a blossoming altar of Fedhas.
  5317 | D:6      | Found a bloodstained altar of Trog.
  5444 | D:6      | Found a shimmering altar of Xom.
  5916 | D:6      | Found a deep blue altar of Sif Muna.
  6353 | D:7      | Reached skill level 7 in Air Magic
  6619 | D:7      | Found a snail-covered altar of Cheibriados.
  6753 | D:7      | Found Zuhirghu's Weapon Boutique.
  6756 | D:7      | Bought a +0 long sword of freezing for 91 gold pieces
  7105 | D:8      | Noticed Maurice
  7126 | D:8      | Killed Maurice
  7126 | D:8      | Reached XP level 10. HP: 72/78 MP: 0/20
  7348 | D:8      | Found a flagged portal.
  7356 | Bailey   | Entered a bailey
  7837 | Bailey   | Reached skill level 1 in Long Blades
  9058 | Bailey   | Identified a scroll of acquirement
  9059 | Bailey   | Got a crude hat
  9071 | Bailey   | Identified the +2 hat of the Guardian {rF+ rN+} (You acquired it in a bailey)
  9165 | Bailey   | Upgraded the game from 0.18-a0-327-gb1de508 to 0.18-a0-337-g1235303
  9352 | D:8      | Noticed Erolcha
  9419 | D:8      | Killed Erolcha
  9419 | D:8      | Reached skill level 8 in Air Magic
  9852 | D:8      | Reached skill level 5 in Dodging
 10316 | D:8      | Reached skill level 5 in Armour
 10316 | D:8      | Reached XP level 11. HP: 85/85 MP: 15/22
 10443 | D:9      | Found a stormy altar of Qazlal.
 10516 | D:9      | Reached skill level 5 in Spellcasting
 10980 | D:10     | Entered Level 10 of the Dungeon
 11252 | D:10     | Noticed Erica
 11293 | D:11     | Noticed Nergalle
 11310 | D:10     | Noticed Psyche
 11327 | D:10     | Killed Psyche
 11432 | D:10     | Found a staircase to the Lair.
 11446 | Lair:1   | Entered Level 1 of the Lair of Beasts
 11607 | D:10     | Killed Erica
 11607 | D:10     | Reached skill level 5 in Fighting
 11607 | D:10     | Reached skill level 9 in Air Magic
 11928 | D:10     | Found a blossoming altar of Fedhas.
 12141 | D:11     | Killed Nergalle
 12145 | D:11     | Noticed a five-headed hydra
 12146 | D:11     | Reached skill level 5 in Long Blades
 12966 | D:11     | Killed a one-headed hydra
 12997 | D:11     | Reached XP level 12. HP: 43/94 MP: 18/24
 13016 | D:11     | Found a staircase to the Orcish Mines.
 13589 | Lair:1   | HP: 3/94 [yak (11)]
 13589 | Lair:1   | Slain by a sheep

Vault maps used:
D:1:      matt_arrival_spirals, serial_forest, infiniplex_forest_lined_ring,
          infiniplex_forest_clump_diagonal, infiniplex_forest_clump_tiny,
          infiniplex_forest_lined_3_way, infiniplex_forest_corner_1,
          infiniplex_forest_lined_room_2, infiniplex_forest_clump_small,
          infiniplex_forest_lined_1, okawaru_ov_weapons_minmay
D:2:      kennysheep_six_static_rooms,
          nicolae_gozag_cash_rules_everything_around_me, uniq_iyjb
D:3:      grunt_temple_overflow_holy_war, fiery_altar_vehumet,
          minmay_misc_feat_diagonals, kennysheep_generic_room_2
D:4:      kiku_gazebo_garden_becter, first_bread, uniq_menkaure, uniq_sigmund
D:5:      nicolae_ru_awakened_eye, minmay_temple_entry_glass,
          patterned_corridor, uniq_prince_ribbit1, uniq_pikel
D:6:      fedhas_altar_2, kennysheep_mini, xom_butterflies, trog_hazing_becter
D:7:      cheibrodos_worm_habitat, serial_shops, nicolae_shop_behind_doors
D:8:      serial_glass, glass_columns_c, glass_columns_c, enter_bailey_3,
          special_room, uniq_erolcha, uniq_maurice
D:9:      old_standard_altar
D:10:     grunt_lair_entry_elf_guard_hut, hangedman_tree_tricks, uniq_psyche,
          uniq_erica
D:11:     david_orc_2, uniq_nergalle
Lair:1:   beast_lair_carwin_7, grunt_megastairs_3, infiniplex_staircase_pool
Bailey:   bailey_polearm_flooded_kennysheep, bailey

Action                   |  1- 3 |  4- 6 |  7- 9 | 10-12 || total
-------------------------+-------+-------+-------+-------++-------
Melee: Unarmed           |    17 |       |       |       ||    17
       Mace              |    24 |    42 |   133 |   104 ||   303
       Flail             |       |       |    28 |    54 ||    82
       Whip              |       |       |     7 |       ||     7
       Long sword        |       |       |    21 |   136 ||   157
       Scimitar          |       |       |       |   129 ||   129
Throw: Javelin           |       |       |       |    10 ||    10
 Cast: Shock             |    70 |    89 |   282 |   419 ||   860
       Repel Missiles    |     1 |       |       |     4 ||     5
       Static Discharge  |       |     2 |    24 |    31 ||    57
       Lightning Bolt    |       |       |       |    38 ||    38
  Use: Potion            |       |     1 |       |     1 ||     2
       Scroll            |       |       |    10 |    12 ||    22
 Stab: Sleeping          |     5 |     2 |       |       ||     7
       Distracted        |       |       |       |     1 ||     1
  Eat: Chunk             |     2 |    10 |    18 |    35 ||    65
